 Dungeon Crawl Stone Soup version 0.24-a0-530-g18ba70b503 (webtiles) character file.

Game seed: 10986637230436851008

502 DEFE the Ducker (level 6, -8/44 HPs)
             Began as a Demonspawn Wanderer on Aug 9, 2019.
             Killed by nerve-wracking pain
             ... invoked by a shadow imp
             ... summoned by Natasha
              (12 damage)
             ... on level 4 of the Dungeon.
             The game lasted 00:05:46 (4119 turns).

DEFE the Ducker (Demonspawn Wanderer)               Turns: 4119, Time: 00:05:47

Health: -8/44      AC:  9    Str: 16    XL:     6   Next: 95%
Magic:  6/6        EV: 11    Int: 11    God:
Gold:   260        SH:  0    Dex: 13    Spells: 4/5 levels left

rFire    . . .     SeeInvis .   a - +0 spear
rCold    . . .     Gourm    .   (no shield)
rNeg     . . .     Faith    .   e - +0 scale mail
rPois    .         Spirit   .   (no helmet)
rElec    .         Reflect  .   (no cloak)
rCorr    .         Harm     .   (no gloves)
MR       .....                  h - +2 pair of boots
Stlth    ..........             (no amulet)
HPRegen  0.14/turn              (no ring)
MPRegen  0.10/turn              (no ring)

@: no status effects
A: foul stench 1, powered by death 1, rot immunity
a: no special abilities


You were on level 4 of the Dungeon.
You were not hungry.

You visited 1 branch of the dungeon, and saw 4 of its levels.

You collected 260 gold pieces.

Inventory:

Hand Weapons
 a - a +0 spear (weapon)
 c - a +0 short sword
Missiles
 l - 14 poisoned darts (quivered)
Armour
 d - a +0 robe
 e - a +0 scale mail (worn)
 h - a +2 pair of boots (worn)
Scrolls
 b - a scroll of teleportation {unknown}
 g - 4 scrolls of enchant weapon {unknown}
 i - a scroll of fog {unknown}
 j - a scroll of noise {unknown}
 m - a scroll of fear {unknown}
 o - 4 scrolls of identify {unknown}
 p - 2 scrolls of amnesia {unknown}
 q - a scroll of random uselessness {unknown}
 t - a scroll of enchant armour {unknown}
Potions
 k - a potion of degeneration {unknown}
 n - a potion of brilliance
Comestibles
 f - 6 rations


   Skills:
 - Level 2.0 Fighting
 - Level 1.0 Short Blades
 + Level 4.5 Polearms
 + Level 4.7 Dodging
 - Level 1.0 Stealth
   Level 1.0 Shields
 - Level 2.6 Ice Magic
   Level 1.0 Evocations


You had 4 spell levels left.
You knew the following spells:

 Your Spells              Type           Power        Failure   Level  Hunger
a - Freeze                Ice            #...         41%         1    ##.....

Your spell library contained the following spells:

 Spells                   Type           Power        Failure   Level  Hunger
 Throw Frost              Conj/Ice       #.....       75%         2    ###....
 Ozocubu's Armour         Chrm/Ice       #.......     93%         3    ####...
 Summon Ice Beast         Ice/Summ       #.......     100%        4    #####..
 Throw Icicle             Conj/Ice       #.......     100%        4    #####..


Dungeon Overview and Level Annotations

Branches:
Dungeon (4/15)
 Temple: D:4-7

Altars:
Ashenzari
Elyvilon
Gozag
Kikubaaqudgha
Ru
Uskayaw

Shops:
D:4 =

Annotations:
D:1 Terence
D:4 Natasha


Innate Abilities, Weirdness & Mutations

You may emit foul miasma when damaged in melee.
You regenerate a little health from kills.
You are immune to rotting.


Message History

The crimson imp resists.
The shadow imp hits you but does no damage.
Natasha closely misses you. The shadow imp hits you.
* * * LOW HITPOINT WARNING * * *
The shadow imp hits you but does no damage.
Natasha completely misses you.
You take 5 damage, and have 5/44 hp.
Unknown command.
It was a potion of cancellation.
Your magical effects are unravelling.
You feel magically purged.
You feel yourself speed up. The shadow imp hits you.
* * * LOW HITPOINT WARNING * * *
The shadow imp hits you but does no damage.
Natasha misses you.
The crimson imp shouts, "Back with thee, thou currish sow-suckled nert!"
The shadow imp gestures at you. Pain shoots through your body!
You die...

.'...#.###.#'##......#..._.#(.#.#
.#####.#.....##......#.....#(.#..
.......#.....##............####..
.##..........#######............#
..'..........# #....##..##..#
'##.....##.#########....##.####.#
..#................<.............
..#.......######55......##..###.#
..#.......# #@##########.###.#
..#.....### #h# #..##.# +########
#5# ##.##.# #.# #.##.# #.#
######'##.# #.# #.......#.# #.#
#.......#.# #.# #.......#.#
#..........


You could see Natasha, a crimson imp and 2 shadow imps.

Vanquished Creatures
  An ogre (D:4)
  A bullfrog zombie (D:3)
  2 hounds (D:4)
  An orc priest (D:4)
  An iguana (D:4)
  Jessica (D:2)
  2 orc wizards
  2 worker ants
  5 adders
  3 oozes
  2 worms
  2 dart slugs (D:1)
  2 leopard geckos (D:2)
  9 orcs
  A giant cockroach (D:1)
  9 hobgoblins
  8 jackals (D:1)
  3 quokkas
  5 bats
  2 frilled lizards
  8 goblins
  9 kobolds
  2 rats
81 creatures vanquished.

Notes
Turn   | Place    | Note
-------+----------+-------------------------------------------
     0 | D:1      | DEFE the Demonspawn Wanderer began the quest for the Orb.
     0 | D:1      | DEFE set off with the following items: a +0 spear, a +0
                  | short sword, a +0 robe, a ration; and the following spell
                  | memorised: Freeze; and the following spells available to
                  | memorise: Throw Frost, Ozocubu's Armour, Summon Ice Beast,
                  | Throw Icicle
     0 | D:1      | Reached XP level 1. HP: 16/16 MP: 1/1
   246 | D:1      | Gained mutation: You regenerate a little health from kills.
                  | [demonic ancestry]
   246 | D:1      | Reached XP level 2. HP: 22/22 MP: 2/2
   255 | D:1      | Reached skill level 1 in Polearms
   382 | D:1      | Gained mutation: You are immune to rotting. [demonic
                  | ancestry]
   382 | D:1      | Reached XP level 3. HP: 27/27 MP: 3/3
  1001 | D:2      | Noticed Terence
  1276 | D:2      | Noticed Jessica
  1283 | D:2      | Killed Jessica
  1283 | D:2      | Reached XP level 4. HP: 33/33 MP: 4/4
  1309 | D:2      | Found a white marble altar of Elyvilon.
  1883 | D:3      | Found a shattered altar of Ashenzari.
  2256 | D:3      | Found an opulent altar of Gozag.
  2257 | D:3      | Found an ancient bone altar of Kikubaaqudgha.
  2544 | D:3      | Reached XP level 5. HP: 35/38 MP: 5/5
  2572 | D:3      | Found a sacrificial altar of Ru.
  3210 | D:4      | Noticed a slave
  3210 | D:4      | Noticed a slave
  3210 | D:4      | Noticed a slave
  3285 | D:4      | Gained mutation: You may emit foul miasma when damaged in
                  | melee. [demonic ancestry]
  3285 | D:4      | Reached XP level 6. HP: 26/44 MP: 6/6
  3511 | D:4      | Found a hide-covered altar of Uskayaw.
  3511 | D:4      | Noticed a +0 hand axe
  3511 | D:4      | Noticed a +0 dagger
  3898 | D:4      | Found Qostrop Rogia's Jewellery Emporium.
  4100 | D:4      | Noticed Natasha
  4119 | D:4      | Killed from afar by a shadow imp

Levels and vault maps discovered:
D:1:      mrwooster_arrival_arrow, layout_rooms
D:2:      minmay_chambers_of_ones, layout_basic, elyvilon_altar_3,
          dk_noncrumbling_4, uniq_terence, uniq_jessica
D:3:      layout_basic, nicolae_overflow_crystal_walls, marbit_many_paths,
          lemuel_crystal_altar, nicolae_gozag_seed_capital, first_ration
D:4:      layout_basic, dancing_weapons_uskayaw,
          minmay_shop_enchanted_jewellery, minmay_misc_feat_ornament,
          uniq_natasha, uniq_pikel

Skill      XL: |  1  2  3  4  5  6 |
---------------+-------------------+-----
Polearms       | 1 2 3 4 |  4.5
Dodging        | 2 3 4 |  4.7
Fighting       | |  2.0
Short Blades   | |  1.0
Stealth        | |  1.0
Shields        | |  1.0
Ice Magic      | |  2.6
Evocations     | |  1.0

Action                   |  1- 3 |  4- 6 || total
-------------------------+-------+-------++-------
Melee: Spear             |   184 |   348 ||   532
Throw: Dart              |     4 |    11 ||    15
  Use: Potion            |       |     5 ||     5
 Stab: Invisible         |       |     1 ||     1
  Eat: Ration            |     1 |     2 ||     3
       Chunk             |       |     2 ||     2
Armor: Robe              |     6 |       ||     6
       Scale mail        |    66 |   119 ||   185
       Skin              |       |     1 ||     1
Dodge: Dodged            |    97 |   159 ||   256

Table legend:
 A = Non-vault XP
 B = Vault XP
 C = Vault XP percentage of total XP
 D = Non-vault monster count
 E = Vault monster count
 F = Vault count percentage of total count
                 A         B        C        D         E       F
            +---------+---------+-------+---------+---------+-------
      Total |     657 |      61 |   8.5 |      74 |       7 |   8.6
            +---------+---------+-------+---------+---------+-------
        D:1 |      61 |       0 |   0.0 |      29 |       0 |   0.0
        D:2 |      38 |      60 |  61.2 |      11 |       6 |  35.3
        D:3 |     195 |       1 |   0.5 |      21 |       1 |   4.5
        D:4 |     363 |       0 |   0.0 |      13 |       0 |   0.0
            +---------+---------+-------+---------+---------+-------
